 Dungeon Crawl Stone Soup version 0.30-a0-359-gd0147acb1a (webtiles) character file.

Game seed: 5933210284396847368

42 MackTheKnife the Stinger (level 3, -1/21 HPs)
             Began as an Octopode Venom Mage on Nov 12, 2022.
             Succumbed to Terence's poison
             ... on level 2 of the Dungeon.
             The game lasted 00:03:11 (1105 turns).

MackTheKnife the Stinger (Octopode Venom Mage)      Turns: 1105, Time: 00:03:12

Health: -1/21      AC:  1    Str:  7    XL:     3   Next: 54%
Magic:  1/7        EV: 13    Int: 19    God:
Gold:   65         SH:  0    Dex: 12    Spells: 5/8 levels left

rFire   + . .      SeeInvis .    b - staff of fire {rF+}
rCold   . . .      Faith    .    (no shield)
rNeg    . . .      Spirit   .    (helmet restricted)
rPois   .          Reflect  .    (no amulet)
rElec   .          Harm     .    (no ring)
rCorr   .          Rampage  .    (no ring)
Will    .....                    (no ring)
Stlth   +++.......               (no ring)
HPRegen 0.23/turn                (no ring)
MPRegen 0.10/turn                (no ring)
                                 (no ring)
                                 (no ring)

@: lethally poisoned (-1 -> -12)
A: almost no armour, amphibious, 8 rings, camouflage 1, gelatinous body 1,
(nimble swimmer 1), tentacles
a: no special abilities


You were on level 2 of the Dungeon.
You visited 1 branch of the dungeon, and saw 2 of its levels.

You collected 65 gold pieces.

Inventory:

Magical Staves
 b - a staff of fire (weapon) {rF+}
   (You found it on level 1 of the Dungeon)
Scrolls
 c - a scroll of fog {unknown}
 d - a scroll of immolation {unknown}
 e - a scroll of amnesia {unknown}
 g - a scroll of noise {unknown}
Potions
 a - a potion of magic
 f - 3 potions of attraction {unknown}


   Skills:
 - Level 2.0 Dodging
 - Level 2.6 Stealth
 + Level 3.0 Spellcasting
 - Level 1.0 Transmutations
 - Level 4.4 Poison Magic


You had 5 spell levels left.
You knew the following spells:

 Your Spells              Type           Power      Damage    Failure   Level
a - Poisonous Vapours     Pois/Air       22%        N/A       10%         2
z - Sting                 Tmut/Pois      52%        1d5       4%          1

Your spell library contained the following spells:

 Spells                   Type           Power      Damage    Failure   Level
 Olgreb's Toxic Radiance  Pois           19%        N/A       24%         4
 Mephitic Cloud           Conj/Pois/Air  8%         N/A       26%         3
 Gell's Gravitas          Tloc           2%         N/A       41%         3
 Teleport Other           Tloc           2%         N/A       41%         3
 Dispersal                Tloc           1%         N/A       100%        6


Dungeon Overview and Level Annotations

Branches:
Dungeon (2/15)

Altars:

Shops:
D:1 (

Annotations:
D:2 Terence


Innate Abilities, Weirdness & Mutations

You cannot wear most types of armour.
You are amphibious.
You can wear up to eight rings at the same time.
Your skin changes colour to match your surroundings (Stealth+).
Your rubbery body absorbs attacks. (AC +1, EV +1)
((You are camouflaged when in or above water. (Stealth+)))
You have tentacles for arms and can constrict up to eight enemies at once.


Message History

You miss the adder. Your grab misses the adder.
You feel sick.
You are no longer poisoned.
The adder bites you.
You take 4 damage, and have 9/21 hp.
You hit the adder.
You kill the adder!
You see here a scroll labelled KUTAFFAORO.
There is a stone staircase leading up here.
You start resting.
A ball python comes into view.
Health restored: 21 You regained 4 mp, and now have 5/7 mp.
The ball python hisses angrily.
Aim: a ball python You miscast Poisonous Vapours.
You are very lightly contaminated with residual magic.
Nothing appears to happen.
You now have 3/7 mp.
Aim: a ball python Poisonous vapours surround the ball python!
The ball python is poisoned.
The ball python barely misses you. The ball python grabs you.
The ball python constricts you.
You take 1 damage, and have 20/21 hp.
You now have 1/7 mp.
You closely miss the ball python. You grab the ball python.
You constrict the ball python. The ball python closely misses you.
The ball python constricts you.
Health restored: 21 You hit the ball python but do no damage.
You squeeze the ball python.
You kill the ball python!
Your Spellcasting skill increases to level 3!
No target in view!
You see here a ball python corpse.
The goblin unwields a +0 dagger.
The goblin wields a +0 sling.
The goblin shoots a sling bullet.
The sling bullet hits you.
Your magical contamination has completely faded away.
You see here a scroll labelled KUTAFFAORO.
You take 5 damage, and have 16/21 hp.
MASSIVE DAMAGE!!
g - a scroll labelled KUTAFFAORO The goblin shoots a sling bullet.
The sling bullet barely misses you.
The goblin shoots a sling bullet.
The sling bullet hits you.
You take 4 damage, and have 12/21 hp.
The goblin shoots a sling bullet.
The sling bullet closely misses you.
The goblin shoots a sling bullet.
The sling bullet hits you.
You take 1 damage, and have 11/21 hp.
The goblin unwields a +0 sling.
The goblin wields a +0 dagger.
The goblin hits you with a +0 dagger.
You take 2 damage, and have 9/21 hp.
You closely miss the goblin. Your grab misses the goblin.
Your squeeze misses the goblin. The goblin barely misses you.
You barely miss the goblin. You grab the goblin. You constrict the goblin.
The goblin hits you with a +0 dagger.
You take 1 damage, and have 8/21 hp.
You completely miss the goblin. Your squeeze misses the goblin.
You constrict the goblin. The goblin hits you with a +0 dagger.
* * * LOW HITPOINT WARNING * * *
The goblin barely misses you.
You take 2 damage, and have 6/21 hp.
You hit the goblin.
You squeeze the goblin, but do no damage.
You constrict the goblin.
You kill the goblin!
You start resting.
Health restored: 21; MP restored: 7 Terence the Incautious comes into view.
He is wielding a +1 hand axe of venom and wearing a +2 ring mail of cold resistance.
Really wriggle into a travel-excluded area?
Terence shouts!
You see here 2 scrolls labelled UMUCU XAUR LOUNIU.
Aim: Terence, wielding a +1 hand axe of venom and wearing a +2 ring mail of cold resistance Poisonous vapours surround Terence!
Terence is poisoned.
You now have 5/7 mp.
Aim: Terence, wielding a +1 hand axe of venom and wearing a +2 ring mail of cold resistance (poisoned) Poisonous vapours surround Terence!
Terence looks even sicker.
You now have 3/7 mp.
Aim: Terence, wielding a +1 hand axe of venom and wearing a +2 ring mail of cold resistance (lightly wounded, very poisoned) Poisonous vapours surround Terence!
Terence looks even sicker.
Terence hits you with a +1 hand axe of venom.
You are poisoned.
You take 6 damage, and have 15/21 hp.
MASSIVE DAMAGE!!
You now have 1/7 mp.
You feel sick.
You take 2 damage, and have 13/21 hp.
Terence attacks as you move away!
Terence hits you with a +1 hand axe of venom.
You are lethally poisoned!
* * * LOW HITPOINT WARNING * * *
You feel very sick.
You take 8 damage, and have 5/21 hp.
MASSIVE DAMAGE!!
Unknown command.
* * * LOW HITPOINT WARNING * * *
You feel very sick.
You take 3 damage, and have 2/21 hp.
Here: Terence, wielding a +1 hand axe of venom and wearing a +2 ring mail of cold resistance (moderately wounded, very poisoned)
The floor.
Unknown command.
You die...

#......... #.........
#......... #...[.....
######?.......
##.....#.......
##....@..#####.#
#..)......#
#...@.....#
#.........#
#.........# .
#.........#######....
##........†..<.....#
#.........######.....
#.........# ###
#.........#
#..>....$.#


You could see Terence (very poisoned).

Vanquished Creatures
  An adder (D:2)
  A dart slug (D:1)
  A ball python (D:2)
  2 bats (D:1)
  3 endoplasms (D:1)
  A giant cockroach (D:1)
  3 goblins
  3 hobgoblins (D:1)
  4 jackals (D:1)
  2 quokkas (D:1)
  2 frilled lizards (D:1)
  A kobold (D:1)
  2 rats (D:1)
26 creatures vanquished.

Vanquished Creatures (others)
  3 fungi (D:1)
  7 plants (D:1)
10 creatures vanquished.

Grand Total: 36 creatures vanquished

Notes
Turn   | Place    | Note
-------+----------+-------------------------------------------
     0 | D:1      | MackTheKnife the Octopode Venom Mage began the quest for
                  | the Orb.
     0 | D:1      | Reached XP level 1. HP: 11/11 MP: 3/3
    19 | D:1      | Found Cidoesadd's Weapon Boutique.
    89 | D:1      | Reached skill level 4 in Poison Magic
    89 | D:1      | Reached XP level 2. HP: 17/17 MP: 1/5
   298 | D:1      | Learned a level 2 spell: Poisonous Vapours
   589 | D:1      | Reached XP level 3. HP: 21/21 MP: 2/6
   674 | D:1      | Found a faded altar of an unknown god.
  1019 | D:2      | Reached skill level 3 in Spellcasting
  1095 | D:2      | Noticed Terence
  1103 | D:2      | HP: 5/21 [poisoned by Terence]
  1104 | D:2      | HP: 2/21 [poisoned by Terence]
  1105 | D:2      | Succumbed to Terence's poison

Illustrated notes

Levels and vault maps discovered:
D:1:      saegor_arrival_simple_c, layout_loops_cross,
          shapermc_ecumenical_altar_mp_ritualfount, serial_shops,
          nicolae_square_shop
D:2:      layout_rooms, fountainhead, kennysheep_another_room,
          minmay_misc_feat_chi, minmay_guardbox, uniq_terence

Skill      XL: |  1  2  3 |
---------------+----------+-----
Poison Magic   | 4 |  4.4
Spellcasting   | 3 |  3.0
Dodging        | |  2.0
Stealth        | |  2.6
Transmutations | |  1.0

Action                   || total
-------------------------++-------
Melee: Unarmed           ||    17
       Tentacles         ||    10
       Constrict         ||    11
       Staff             ||    37
       Punch             ||     1
 Cast: Sting             ||    15
       Poisonous Vapours ||    10
 Stab: Sleeping          ||     3
Armor: Skin              ||     8
Dodge: Dodged            ||    48

Table legend: (Time is in decaauts)
 A = Elapsed time spent in this place.
 B = Non-inter-level travel time spent in this place.
 C = Inter-level travel time spent in this place.
 D = Time resting spent in this place.
 E = Time spent auto-exploring this place.
 F = Levels seen in this place.
 G = Mean time per level.
                   A        B        C        D        E       F      G
               +--------+--------+--------+--------+--------+-----+--------+
         Total |   1111 |   1077 |     34 |    226 |    621 |   2 |  555.5 |
       Dungeon |   1111 |   1077 |     34 |    226 |    621 |   2 |  555.5 |
               +--------+--------+--------+--------+--------+-----+--------+

Top non-repeatable levels by time:
     D:1: 959 daAuts
     D:2: 152 daAuts

Table legend:
 A = Kills in this place as a percentage of kills in entire the game.
 B = Kills by you in this place as a percentage of kills by you in the entire game.
 C = Kills by friends in this place as a percentage of kills by friends in the entire game.
 D = Other kills in this place as a percentage of other kills in the entire game.
 E = Experience gained in this place as a percentage of experience gained in the entire game.
 F = Experience gained in this place divided by the number of levels of this place that you have seen.
                   A       B       C       D       E      F
               +-------+-------+-------+-------+-------+----------------------
         Total | 100.0 | 100.0 |   N/A |   N/A | 100.0 |  30.0
       Dungeon | 100.0 | 100.0 |   N/A |   N/A | 100.0 |  30.0
               +-------+-------+-------+-------+-------+----------------------
